 Dungeon Crawl Stone Soup version 0.21-a0-227-g58a7c62 (webtiles) character file.

142 Pippin the Sneak (level 5, -1/29 HPs)
             Began as a Kobold Wanderer on Aug 31, 2017.
             Slain by an ogre
             ... wielding a cursed +0 giant spiked club
              (30 damage)
             ... on level 4 of the Dungeon.
             The game lasted 00:08:25 (3988 turns).

Pippin the Sneak (Kobold Wanderer)                  Turns: 3988, Time: 00:08:26

Health: -1/29      AC:  7    Str: 12    XL:     5   Next: 50%
Magic:  6/6        EV: 14    Int: 13    God:
Gold:   155        SH:  4    Dex: 13    Spells: 6/6 levels left

rFire    . . .     SeeInvis .   A - +0 blowgun
rCold    . . .     Gourm    .   (shield restricted)
rNeg     . . .     Faith    .   a - +0 leather armour
rPois    .         Spirit   .   (no helmet)
rElec    .         Reflect  +   (no cloak)
rCorr    .         Harm     .   (no gloves)
MR       .....                  (no boots)
Stlth    ++........             B - +4 amulet of reflection
HPRegen  0.09/turn              h - +4 ring of protection
MPRegen  0.10/turn              r - +1 ring of evasion

@: no status effects
A: carnivore 3
a: no special abilities


You were on level 4 of the Dungeon.
You were very full.

You visited 1 branch of the dungeon, and saw 4 of its levels.

You collected 155 gold pieces.

Inventory:

Hand Weapons
 l - a +0 spear
 A - a +0 blowgun (weapon)
 E - a +0 hunting sling
Missiles
 b - 3 throwing nets
 k - 17 sling bullets
 z - 4 poisoned needles (quivered)
Armour
 a - a +0 leather armour (worn)
Jewellery
 c - an uncursed ring of flight
 h - a +4 ring of protection (left hand)
 r - a +1 ring of evasion (right hand)
 B - a +4 amulet of reflection (around neck)
 D - an uncursed ring of fire {unknown}
Wands
 d - a wand of random effects (14/48)
Scrolls
 e - 2 scrolls of identify {unknown}
 i - a scroll of fear {unknown}
 j - a scroll of noise {unknown}
 m - a scroll of enchant armour {unknown}
 p - a scroll of enchant weapon {unknown}
 t - 2 scrolls of teleportation {unknown}
 u - 2 scrolls of remove curse
 y - a scroll of amnesia {unknown}
 C - a scroll of recharging {unknown}
Potions
 f - 2 potions of curing
 n - a potion of mutation {unknown}
 o - a potion of flight {unknown}
 q - a potion of berserk rage {unknown}
 v - 2 potions of resistance {unknown}
 w - a potion of haste {unknown}
 x - a potion of degeneration {unknown}
Comestibles
 g - 2 meat rations
 s - a royal jelly


   Skills:
 - Level 1.1 Fighting
 - Level 1.2 Dodging
 + Level 4.6 Stealth
 * Level 4.5 Unarmed Combat
 - Level 1.1 Spellcasting
   Level 1.5 Charms
 - Level 1.2 Evocations


You had 6 spell levels left.
You didn't know any spells.

Dungeon Overview and Level Annotations

Branches:
Dungeon (4/15)
 Temple: D:4-7

Altars:


Innate Abilities, Weirdness & Mutations

You are small and have problems with some larger weapons.
You are carnivorous and can eat meat at any time.


Message History

Press: ? - help, Shift-Dir - straight line, f/p - ogre
Aim: an ogre, wielding a giant spiked club (moderately wounded)
You shoot a sling bullet. The sling bullet hits the ogre!
The ogre is heavily wounded.
Wield which item (- for none, * to show all)? (? for menu, Esc to quit)
A - a +0 blowgun (weapon)
Firing (i - inventory. (,) - cycle):
z - 6 poisoned needles (quivered)
Press: ? - help, Shift-Dir - straight line, f/p - ogre
Aim: an ogre, wielding a giant spiked club (heavily wounded)
You shoot a poisoned needle. The poisoned needle hits the ogre.
The ogre is heavily wounded.
The ogre barely misses you.
Firing (i - inventory. (,) - cycle):
z - 5 poisoned needles (quivered)
Press: ? - help, Shift-Dir - straight line, f/p - ogre
Aim: an ogre, wielding a giant spiked club (heavily wounded)
You shoot a poisoned needle.
The poisoned needle barely misses the ogre.
The ogre hits you with a giant spiked club!!
Ouch! That really hurt!
You die...

.##..#.##.##.##.#.... .
##.#.##.......# #.. .
#...##..##..##.##. .
#.......##........ .
#.......##.##### # .
#......##..### .#..
#............# ..(.#
#......##.##.##..(...
#......##.##.@O(...(#
#........#..#####.....#
..#.)......## .....
.###.......# ####
###.....# ....... ####


You could see an ogre.

Vanquished Creatures
  6 adders
  A gnoll (D:1)
  2 worms (D:2)
  A dart slug (D:1)
  5 leopard geckos
  3 orcs (D:3)
  A ball python (D:1)
  4 giant cockroaches
  7 goblins
  6 hobgoblins
  4 jackals
  5 kobolds
  A quokka (D:2)
  10 bats
  3 frilled lizards (D:1)
  5 rats
64 creatures vanquished.

Notes
Turn   | Place    | Note
-------+----------+-------------------------------------------
     0 | D:1      | Pippin the Kobold Wanderer began the quest for the Orb.
     0 | D:1      | Pippin set off with: a +0 leather armour, 3 throwing nets, a potion of curing, a wand of random effects (15/48), a +0 club, a +0 dagger, a meat ration
     0 | D:1      | Reached XP level 1. HP: 12/12 MP: 2/2
   234 | D:1      | Reached XP level 2. HP: 10/16 MP: 3/3
   554 | D:1      | Reached XP level 3. HP: 20/20 MP: 4/4
   855 | D:2      | Reached XP level 4. HP: 17/25 MP: 5/5
   934 | D:2      | HP: 1/25 [poisoned by an adder]
  1888 | D:2      | Reached XP level 5. HP: 18/29 MP: 6/6
  3981 | D:4      | Noticed an ogre
  3988 | D:4      | Slain by an ogre

Vault maps used:
D:1:      kennysheep_arrival_seaside, minmay_pentomino_u2
D:3:      first_bread
D:4:      minivault_24

Skill      XL: |  1  2  3  4 |
---------------+-------------+-----
Stealth        | 3 4 |  4.6
Unarmed Combat | 3 4 |  4.5
Fighting       | |  1.1
Dodging        | |  1.2
Spellcasting   | |  1.1
Charms         | |  1.5
Evocations     | |  1.2

Action                   |  1- 3 |  4- 6 || total
-------------------------+-------+-------++-------
Melee: Club              |    83 |       ||    83
       Spear             |    69 |   153 ||   222
       Punch             |       |     1 ||     1
 Fire: Hunting sling     |       |     4 ||     4
       Blowgun           |       |     2 ||     2
Evoke: Wand              |       |     1 ||     1
  Use: Potion            |       |     1 ||     1
       Scroll            |       |     1 ||     1
 Stab: Sleeping          |     1 |     2 ||     3
       Distracted        |       |     2 ||     2
       Confused          |       |     1 ||     1
  Eat: Chunk             |     7 |    11 ||    18
Armor: Leather armour    |    60 |    20 ||    80
Dodge: Dodged            |   157 |    99 ||   256
Block: Other             |       |     3 ||     3

Table legend:
 A = Spawn XP
 B = Non-spawn XP
 C = Spawn XP percentage of total XP
 D = Spawn monster count
 E = Non-spawn monster count
 F = Spawn count percentage of total count
 G = Total turns spent on level
                    A         B        C        D         E        F      G
               +---------+---------+-------+---------+---------+-------+---------
         Total |      65 |     139 |  31.9 |      11 |      53 |  17.2 |  3988
               +---------+---------+-------+---------+---------+-------+---------
           D:1 |       9 |      62 |  12.7 |       5 |      28 |  15.2 |  1342
           D:2 |      41 |      55 |  42.7 |       4 |      15 |  21.1 |  1600
           D:3 |      15 |      22 |  40.5 |       2 |      10 |  16.7 |   935
               +---------+---------+-------+---------+---------+-------+---------
